 Dungeon Crawl Stone Soup version 0.29.0-4-gdea44cf6ec (webtiles) character file.

Game seed: 16487548115015962214

44 qw the Chopper (level 3, -2/21 HPs)
             Began as a Tengu Warper on Aug 28, 2022.
             Slain by Ijyb
             ... wielding a +0 club
              (3 damage)
             ... on level 3 of the Dungeon.
             The game lasted 00:00:11 (2063 turns).

qw the Chopper (Tengu Warper)                       Turns: 2063, Time: 00:00:12

Health: -2/21      AC:  5    Str: 13    XL:     3   Next: 60%
Magic:  7/7        EV: 11    Int: 13    God:
Gold:   135        SH:  0    Dex: 19    Spells: 6/6 levels left

rFire   . . .      SeeInvis .   Y - +0 hand axe (vamp)
rCold   . . .      Faith    .   (no shield)
rNeg    . . .      Spirit   .   l - +0 ring mail
rPois   +          Reflect  .   (helmet restricted)
rElec   .          Harm     .   (no cloak)
rCorr   .          Rampage  .   (no gloves)
Will    .....                   (boots unavailable)
Stlth   +.........              (no amulet)
HPRegen 0.07/turn               j - ring of poison resistance
MPRegen 0.10/turn               a - +6 ring of dexterity

@: no status effects
A: beak, talons 3
a: no special abilities


You were on level 3 of the Dungeon.
You visited 1 branch of the dungeon, and saw 3 of its levels.

You collected 135 gold pieces.


Innate Abilities, Weirdness & Mutations

You have a beak for a mouth.
You have claws for feet.


   Skills:
 - Level 2.0 Fighting
 + Level 4.2 Axes
 - Level 1.0 Throwing
 - Level 1.1 Armour
 - Level 2.1 Dodging
 - Level 2.0 Spellcasting
 - Level 2.4 Translocations


You had 6 spell levels left.
You didn't know any spells.
Your spell library contained the following spells:

 Spells                   Type           Power      Damage    Failure   Level
 Blink                    Tloc           14%        N/A       30%         2
 Gell's Gravitas          Tloc           7%         N/A       52%         3
 Lesser Beckoning         Tloc           7%         N/A       52%         3
 Teleport Other           Tloc           7%         N/A       52%         3
 Manifold Assault         Tloc           7%         N/A       99%         5

Inventory:

Hand Weapons
 g - a +0 whip
 Y - a +0 vampiric hand axe (weapon)
Armour
 h - a +1 leather armour of poison resistance
 l - a +0 ring mail (worn)
Jewellery
 a - a +6 ring of dexterity (right hand)
 j - a ring of poison resistance (left hand)
Potions
 b - a potion of attraction {unknown}
 d - a potion of flight {unknown}
 f - a potion of degeneration {unknown}
 i - a potion of heal wounds {unknown}
 n - a potion of haste {unknown}
 o - a potion of resistance {unknown}
 p - a potion of might

Dungeon Overview and Level Annotations

Branches:
Dungeon (3/15)

Altars:

Annotations:
D:2 1 runed translucent door, Crazy Yiuf
D:3 Ijyb


Message History

As you read the scroll labelled RAPRYGG VODIQ, it crumbles to dust.
You feel strangely unstable.
It was a scroll of teleportation.
You start waiting.
Your surroundings suddenly seem different.
Enter note:
There is a stone staircase leading down here.
There is a stone staircase leading up here.
Crazy Yiuf shouts!
Could not explore, unopened runed door.
2025 ||| READING scroll labelled SOBODW UPPO.
As you read the scroll labelled SOBODW UPPO, it crumbles to dust.
It is a scroll of brand weapon.
Your +0 hand axe thirsts for the lives of mortals!
Y - a +0 vampiric hand axe (weapon)
Could not explore, unopened runed door.
(D) Dungeon
Where to? (* - list waypoints, Enter - D:2, ? - help)
What level of the Dungeon? (default 1, ? - help)
There is a stone staircase leading down here.
You climb downwards.
There is a stone staircase leading up here.
Existing waypoints: (1) D:2 (2) D:1 Assign waypoint to what number? (0-9, D - delete waypoint) Waypoint 2 re-assigned from D:1 to D:3.
Ijyb the Twisted Goblin comes into view.
She is wielding a +0 club, wearing a +2 leather armour of cold resistance and carrying a wand of quicksilver (8).
Ijyb zaps a wand.
The bolt of dispelling energy hits you!!
Ouch! That really hurt!
You closely miss Ijyb. You claw Ijyb, but do no damage.
You peck Ijyb, but do no damage. Ijyb closely misses you.
You hit Ijyb.
Ijyb is lightly wounded.
Ijyb zaps a wand.
The bolt of dispelling energy misses you.
You closely miss Ijyb. Your peck misses Ijyb.
Ijyb is lightly wounded.
Ijyb hits you with a +0 club.
You die...

### #.##
###.. #....
#.#.# #.#.#
#.#.#######
#<........#
#..@..###.#
.......g..#
#######.#.#
....# ..###
.^.. .###
..


You could see Ijyb.

Vanquished Creatures
  2 endoplasms (D:2)
  4 giant cockroaches
  3 goblins (D:1)
  3 hobgoblins (D:1)
  6 jackals
  5 kobolds
  2 quokkas (D:2)
  A ball python (D:1)
  2 bats (D:1)
  7 frilled lizards
  6 rats
41 creatures vanquished.

Vanquished Creatures (others)
  A plant (D:2)
1 creature vanquished.

Grand Total: 42 creatures vanquished

Notes
Turn   | Place    | Note
-------+----------+-------------------------------------------
     0 | D:1      | qw the Tengu Warper began the quest for the Orb.
     0 | D:1      | Reached XP level 1. HP: 12/12 MP: 4/4
     0 | D:1      | 0 ||| qw: Version: 0.1-a-89-g26bdef1
     0 | D:1      | 0 ||| qw: Game counter: 913
     0 | D:1      | 0 ||| qw: Always use a shield: true
     0 | D:1      | 0 ||| qw: God list: Okawaru
     0 | D:1      | 0 ||| qw: Allow faded altars: false
     0 | D:1      | 0 ||| qw: Do Orc after D:15 true
     0 | D:1      | 0 ||| qw: Do second Lair branch before Depths: true
     0 | D:1      | 0 ||| qw: Lair rune preference: random
     0 | D:1      | 0 ||| qw: Plans: Normal
     0 | D:1      | 0 ||| PLANNING D:1-11
    34 | D:1      | 34 ||| Stepping ~*~*~tactically~*~*~ (stealth).
   177 | D:1      | Noticed a great orb of eyes
   181 | D:1      | Found a faded altar of an unknown god.
   194 | D:1      | Reached skill level 3 in Axes
   194 | D:1      | Reached XP level 2. HP: 15/17 MP: 6/6
   225 | D:1      | Noticed an eye of devastation
   225 | D:1      | Noticed an eye of devastation
   225 | D:1      | Noticed a floating eye
   729 | D:1      | Reached XP level 3. HP: 19/21 MP: 7/7
   880 | D:1      | 880 ||| Stepping ~*~*~tactically~*~*~ (stealth).
   881 | D:1      | 881 ||| Stepping ~*~*~tactically~*~*~ (stealth).
  1030 | D:1      | 1030 ||| UPGRADING to +0 ring mail.
  1040 | D:1      | 1040 ||| DROPPING +0 leather armour.
  1041 | D:1      | 1041 ||| DROPPING amulet of faith.
  1042 | D:1      | 1042 ||| UPGRADING to ring of poison resistance.
  1043 | D:1      | 1043 ||| READING scroll labelled MITSATT XEEGYM.
  1044 | D:1      | 1044 ||| READING scroll labelled SASOWNU KICAIMN.
  1045 | D:1      | 1045 ||| READING scroll labelled OCIATHRETHRU.
  1046 | D:1      | 1046 ||| READING scroll labelled RAYTIE LUSHRAFU.
  1047 | D:1      | 1047 ||| DRINKING 2 pink potions.
  1048 | D:1      | 1048 ||| DROPPING scroll of blinking.
  1073 | D:2      | 1073 ||| Stepping ~*~*~tactically~*~*~ (stealth).
  1107 | D:2      | Reached skill level 4 in Axes
  1152 | D:2      | 1152 ||| Stepping ~*~*~tactically~*~*~ (stealth).
  1160 | D:2      | 1160 ||| Stepping ~*~*~tactically~*~*~ (stealth).
  1169 | D:2      | 1169 ||| Stepping ~*~*~tactically~*~*~ (stealth).
  1522 | D:2      | Found a runed translucent door.
  1523 | D:2      | Noticed Crazy Yiuf
  1979 | D:2      | 1979 ||| UPGRADING to +6 ring of dexterity.
  1980 | D:2      | 1980 ||| READING scroll labelled RAPRYGG VODIQ.
  2025 | D:2      | 2025 ||| READING scroll labelled SOBODW UPPO.
  2058 | D:3      | Noticed Ijyb
  2060 | D:3      | HP: 1/21 [Ijyb/bolt of dispelling energy (20)]
  2063 | D:3      | Slain by Ijyb

Levels and vault maps discovered:
D:1:      ebering_trefoil_3fold, layout_rooms,
          hellmonk_ecumenical_altar_watching_god, nicolae_figureground_pulse
D:2:      cheibrodos_old_hovel, layout_basic, uniq_crazy_yiuf_cottage
D:3:      layout_basic, marbit_many_paths, nicolae_overflow_crystal_walls,
          mainiacjoe_overflow_alcove_2, uniq_ijyb

Skill      XL: |  1  2  3 |
---------------+----------+-----
Axes           | 3 4 |  4.2
Fighting       | |  2.0
Throwing       | |  1.0
Armour         | |  1.1
Dodging        | |  2.1
Spellcasting   | |  2.0
Translocations | |  2.4

Action                   || total
-------------------------++-------
Melee: Hand axe          ||    90
       Kick              ||    12
       Peck              ||    16
       Punch             ||     1
Throw: Boomerang         ||     7
  Use: Scroll            ||     6
       Potion            ||     1
Armor: Leather armour    ||    15
       Ring mail         ||     6
Dodge: Dodged            ||    44

Table legend:
 A = Non-vault XP
 B = Vault XP
 C = Vault XP percentage of total XP
 D = Non-vault monster count
 E = Vault monster count
 F = Vault count percentage of total count
                 A         B        C        D         E       F
            +---------+---------+-------+---------+---------+-------
      Total |      61 |       2 |   3.2 |      40 |       1 |   2.4
            +---------+---------+-------+---------+---------+-------
        D:1 |      41 |       0 |   0.0 |      28 |       0 |   0.0
        D:2 |      20 |       2 |   9.1 |      12 |       1 |   7.7
            +---------+---------+-------+---------+---------+-------
